 Dungeon Crawl Stone Soup version 0.29.1-2-gbd0b4ee654 (webtiles) character file.

Game seed: 6363938015473000326

10043 Icepheonix32 the Cleaver (level 11, -5/136 HPs)
             Began as a Minotaur Fighter on Oct 28, 2022.
             Was a Believer of Hepliaklqana.
             Killed from afar by an efreet (14 damage)
             ... with a bolt of fire
             ... on level 9 of the Dungeon.
             The game lasted 00:16:56 (9989 turns).

Icepheonix32 the Cleaver (Minotaur Fighter)         Turns: 9989, Time: 00:16:58

Health: -5/136     AC: 25    Str: 21    XL:     11   Next: 31%
Magic:  10/10      EV:  2    Int:  7    God:    Hepliaklqana [**....]
Gold:   193        SH:  5    Dex: 12    Spells: 8/10 levels left

rFire   . . .      SeeInvis .   n - +2 hand axe (distort)
rCold   + . .      Faith    .   i - orb {light}
rNeg    + . .      Spirit   .   (body armour currently unavailable)
rPois   +          Reflect  +   (helmet currently unavailable)
rElec   .          Harm     .   (cloak currently unavailable)
rCorr   .          Rampage  .   (gloves currently unavailable)
Will    .....      NoTele   +   (boots currently unavailable)
Stlth   +.........              I - amulet of reflection
HPRegen 0.32/turn               j - ring of protection from cold
MPRegen 0.12/turn               A - ring of positive energy

@: tree-form, glowing
A: stationary, stasis, torment immunity, boosted hp, reduced essence, (horns 2),
(retaliatory headbutt)
a: Renounce Religion, Recall Ancestor, Ancestor Identity


You were on level 9 of the Dungeon.
You worshipped Hepliaklqana.
Hepliaklqana was pleased with you.
You were a tree.
You visited 1 branch of the dungeon, and saw 9 of its levels.
You also visited: Bailey.

You collected 843 gold pieces.
You spent 650 gold pieces at shops.

Inventory:

Hand Weapons
 a - a +0 war axe
 d - a +4 hand axe
 e - a +1 trident of freezing
 n - a +2 hand axe of distortion (weapon)
 o - a +2 whip of electrocution
 q - a +6 vampiric spear
 u - a +1 war axe of freezing
 C - a +2 morningstar
 S - a +4 long sword
 T - a +3 halberd of freezing
 U - a +3 morningstar
Missiles
 y - 29 boomerangs (quivered)
 D - 2 javelins
Armour
 b - a +0 scale mail (melded)
 c - a +0 buckler
 i - an orb of light (worn)
 k - a +0 plate armour of cold resistance
 z - a +1 pair of gloves (melded)
 B - a +1 cloak (melded)
 F - a +2 pair of boots of flying (melded)
Jewellery
 h - a ring of ice
 j - a ring of protection from cold (left branch)
 A - a ring of positive energy (right branch)
 I - an amulet of reflection (around neck)
Wands
 f - a wand of polymorph (9)
 G - a wand of iceblast (11)
 K - a wand of mindburst (8)
 R - a wand of paralysis (16)
Scrolls
 g - a scroll of magic mapping
 p - 3 scrolls of fear
 v - 8 scrolls of teleportation
 w - 2 scrolls of blinking
 E - 3 scrolls of silence
 M - 2 scrolls of identify
 O - a scroll of noise {unknown}
 P - 2 scrolls of amnesia {unknown}
Potions
 l - 3 potions of flight
 m - 3 potions of berserk rage
 r - a potion of curing
 t - a potion of resistance {unknown}
 N - a potion of might
 Q - a potion of invisibility {unknown}
Miscellaneous
 H - a tin of tremorstones (2/2)
 J - a condenser vane


   Skills:
 * Level 11.4 Fighting
 + Level 12.5 Axes
 + Level 5.1 Throwing
 + Level 9.0 Armour
 + Level 4.1 Dodging
 + Level 2.6 Stealth
 + Level 4.6 Shields
 + Level 0.7 Unarmed Combat
 * Level 4.1 Evocations


You had 8 spell levels left.
You knew the following spells:

 Your Spells              Type           Power      Damage    Failure   Level
a - Wereblood             Tmut           0%         N/A       56%         2

Your spell library contained the following spells:

 Spells                   Type           Power      Damage    Failure   Level
 Beastly Appendage        Tmut           0%         N/A       43%         1
 Magic Dart               Conj           0%         1d3       43%         1
 Searing Ray              Conj           0%         2d4       56%         2
 Dazzling Flash           Conj/Hex       0%         N/A       80%         3
 Gell's Gravitas          Tloc           0%         N/A       80%         3
 Ignite Poison            Fire/Tmut/Pois 0%         N/A       80%         3
 Lesser Beckoning         Tloc           0%         N/A       80%         3
 Mephitic Cloud           Conj/Pois/Air  0%         N/A       80%         3
 Spider Form              Tmut/Pois      0%         N/A       80%         3
 Teleport Other           Tloc           0%         N/A       80%         3
 Fulminant Prism          Conj/Hex       0%         3d6       99%         4
 Iskenderun's Mystic Bla  Conj/Tloc      0%         2d3       99%         4
 Summon Ice Beast         Ice/Summ       0%         N/A       99%         4
 Agony                    Necr           0%         N/A       100%        5
 Freezing Cloud           Conj/Ice/Air   0%         6-21      100%        5
 Silence                  Hex/Air        0%         N/A       100%        5
 Summon Mana Viper        Hex/Summ       0%         N/A       100%        5
 Starburst                Conj/Fire      0%         6d3       100%        6
 Monstrous Menagerie      Summ           0%         N/A       100%        7


Dungeon Overview and Level Annotations

Branches:
Dungeon (9/15)             Temple (0/1) D:6          Bailey (visited)
   Lair: D:8-11         Orc: D:9-12

Altars:
Cheibriados
Elyvilon
Gozag
Hepliaklqana
Nemelex Xobeh
Qazlal
Sif Muna
Vehumet
Xom
Yredelemnul

Shops:
D:3 !**


Innate Abilities, Weirdness & Mutations

You are a tree.
Your roots penetrate the ground, keeping you stationary.
You cannot be teleported.
You are immune to unholy pain and torment.
Your maximum health is greatly increased.
Your equipment is partially melded.
Your life essence is reduced to manifest your ancestor. (-10% HP)
((You have a pair of horns on your head.))
((You reflexively headbutt those who attack you in melee.))


Message History

The gargoyle hits you but does no damage.
Your Evocations skill increases to level 4!
Unknown command.
You hit the gargoyle but do no damage.
Space warps horribly around the gargoyle!!
The gargoyle is almost destroyed.
The gargoyle hits you but does no damage.
It was a potion of ambrosia.
You are confused.
You feel invigorated.
The gargoyle hits you but does no damage.
You hit the gargoyle but do no damage.
Space warps horribly around the gargoyle!
You destroy the gargoyle!
Unknown command.
The centaur warrior shoots an arrow.
The arrow hits you!
* * * LOW HITPOINT WARNING * * *
Unknown command.
It was a potion of curing.
You feel better.
You feel less invigorated.
The efreet hits you with a +1 scimitar of flaming.
* * * LOW HITPOINT WARNING * * *
The efreet burns you.
* * * LOW HITPOINT WARNING * * *
You feel better. You block the efreet's attack.
You hit the efreet.
Space warps around the efreet.
The efreet is lightly wounded.
You block the efreet's attack.
You slash the efreet!
Space warps around the efreet.
The efreet is heavily wounded.
The efreet hits you but does no damage.
You hit the efreet but do no damage.
The efreet is heavily wounded.
Chakide emerges from the mists of memory!
You hit the efreet but do no damage.
Space warps around the efreet.
The efreet is severely wounded.
The efreet gestures at you. The bolt of fire hits you!
* * * LOW HITPOINT WARNING * * *
The bolt of fire hits you!
You die...

######## ##.##..#.##
##.#....#### .......#
#..#))#### ####.......
.......# #...)##
##....## .......#
#...### ##...##
.......###..##.# #
##...# .<.....##....#.#
.### #....#
.......#..#.##R## ....#
##.#..
.........####...##.....#
####.
........##.)).#.♣Rc.# ##
.........##'#..)##.....#
####. ........§§#†##.##
....# ##.#..
........†.†..#.# .###
#..... .....)..†...##.#
# ##....
......###....### ##.....
....))# #....)##
##...... ...[..#
#......#### ####.......
......# #.......#.##
##.#..#.....


You could see the friendly Chakide the battlemage, a centaur warrior and an
efreet (ally target).

Vanquished Creatures
  Pikel (D:6)
  A deep elf pyromancer (D:9)
  An ugly thing (D:9)
  A manticore (D:9)
  Joseph (D:7)
  A gargoyle (D:9)
  2 efreet (D:9)
  A slime creature (D:9)
  A wraith (D:9)
  4 yaks (D:8)
  Eustachio (D:6)
  3 steam dragons
  2 water moccasins
  3 black bears
  An ice beast (D:8)
  9 orc warriors
  A sky beast (D:6)
  An ogre (D:5)
  A lemure (D:6)
  A kobold brigand (D:9)
  2 phantoms (D:5)
  3 bullfrogs
  A gnoll sergeant (D:6)
  5 necrophages
  3 scorpions
  9 wights
  6 killer bees (D:9)
  5 howler monkeys
  4 hounds
  3 orc priests
  2 gnoll boudas
  A human zombie (D:4)
  3 iguanas
  3 orc wizards
  A scorpion zombie (D:4)
  A hound zombie (D:4)
  Robin (D:3)
  11 gnolls
  8 adders
  2 shadow imps
  A white imp (D:5)
  2 ufetubi
  4 adder zombies (D:4)
  3 worms
  2 dart slugs
  23 orcs
  7 ball pythons
  8 endoplasms
  3 giant cockroaches
  16 goblins
  13 hobgoblins
  6 jackals
  A quokka (D:3)
  4 bats
  12 frilled lizards
  16 kobolds
  A quokka zombie (D:4)
  7 rats
  A spectral goblin (D:5)
241 creatures vanquished.

Vanquished Creatures (collateral kills)
  The ghost of GloriousHammer the Zephyrmancer, a novice OpAE of Gozag (D:7)
  A shadow (D:8)
  A yak (D:8)
  A kobold brigand (D:9)
  3 wights (D:9)
  A howler monkey (D:9)
  An iguana (D:7)
  2 orcs
  A goblin (Bailey)
  4 kobolds
16 creatures vanquished.

Vanquished Creatures (others)
  2 battlemagi (D:9)
  3 ancestors
  5 plants (D:5)
10 creatures vanquished.

Grand Total: 267 creatures vanquished

Notes
Turn   | Place    | Note
-------+----------+-------------------------------------------
     0 | D:1      | Icepheonix32 the Minotaur Fighter began the quest for the
                  | Orb.
     0 | D:1      | Reached XP level 1. HP: 19/19 MP: 0/0
   372 | D:1      | Reached XP level 2. HP: 27/27 MP: 1/1
  1048 | D:2      | Reached XP level 3. HP: 34/34 MP: 2/2
  1335 | D:2      | Reached skill level 3 in Axes
  1695 | D:3      | Noticed Robin
  1698 | D:3      | Reached XP level 4. HP: 41/41 MP: 3/3
  1719 | D:3      | Found Suopn's Assorted Antiques.
  1728 | D:3      | Found Qeakk's General Store.
  1762 | D:3      | Killed Robin
  1947 | D:3      | Bought a scroll of fear for 56 gold pieces
  1956 | D:3      | Found a radiant altar of Vehumet.
  1972 | D:3      | Found a shimmering altar of Xom.
  1975 | D:3      | Reached skill level 5 in Fighting
  1993 | D:3      | Bought a dark potion for 18 gold pieces
  2023 | D:3      | Found Eczadi's Distillery.
  2291 | D:3      | Found the +7 Kryia's mail coat {PotionHeal*2 rC+}
  2390 | D:3      | Reached skill level 4 in Axes
  2483 | D:3      | Bought a scroll labelled NOIGGU YMEOX for 20 gold pieces
  2483 | D:3      | Bought a dark potion for 18 gold pieces
  2483 | D:3      | Bought a sedimented red potion for 18 gold pieces
  2568 | D:4      | Reached XP level 5. HP: 48/48 MP: 4/4
  2777 | D:4      | Reached XP level 6. HP: 57/57 MP: 5/5
  2948 | D:4      | Found a shimmering blue altar of Sif Muna.
  3500 | D:4      | Reached skill level 5 in Axes
  3523 | D:4      | Reached skill level 6 in Axes
  3523 | D:4      | Reached XP level 7. HP: 60/63 MP: 6/6
  3534 | D:4      | Found a basalt altar of Yredelemnul.
  3539 | D:4      | Reached skill level 1 in Dodging
  3617 | D:5      | Entered Level 5 of the Dungeon
  3641 | D:5      | Found a white marble altar of Elyvilon.
  3647 | D:5      | Reached skill level 7 in Axes
  3935 | D:5      | Found a hazy altar of Hepliaklqana.
  4039 | D:5      | Reached skill level 5 in Armour
  4039 | D:5      | Reached skill level 1 in Stealth
  4210 | D:5      | Became a worshipper of Hepliaklqana the Forgotten
  4252 | D:5      | Reached skill level 8 in Axes
  4266 | D:5      | Reached XP level 8. HP: 68/73 MP: 7/7
  4288 | D:5      | Found a snail-covered altar of Cheibriados.
  4921 | D:5      | Reached skill level 9 in Axes
  5677 | D:6      | Found a staircase to the Ecumenical Temple.
  5680 | D:6      | Reached * piety under Hepliaklqana
  5749 | D:6      | Reached XP level 9. HP: 70/73 MP: 8/8
  6115 | D:6      | Noticed Eustachio
  6116 | D:6      | Noticed Pikel
  6135 | D:6      | Killed Pikel
  6136 | D:6      | Reached skill level 10 in Axes
  6140 | D:6      | Killed Eustachio
  6672 | D:7      | Found a runed translucent gate.
  6675 | D:7      | Found a runed translucent gate.
  6676 | D:7      | Found a runed translucent gate.
  6676 | D:7      | Noticed GloriousHammer's ghost (novice OpAE)
  6680 | D:7      | Noticed Joseph
  6700 | D:7      | Killed Joseph
  6701 | D:7      | Reached skill level 11 in Axes
  6779 | D:7      | Found a flagged portal.
  6799 | Bailey   | Entered a bailey
  7073 | Bailey   | Reached skill level 1 in Throwing
  7188 | Bailey   | Reached skill level 10 in Fighting
  7188 | Bailey   | Reached XP level 10. HP: 37/83 MP: 9/9
  7941 | D:7      | Found a stormy altar of Qazlal.
  8498 | D:7      | Killed GloriousHammer's ghost
  8499 | D:7      | Reached skill level 1 in Evocations
  8610 | D:3      | Bought a shiny plate armour for 520 gold pieces
  8831 | D:8      | Found a sparkling altar of Nemelex Xobeh.
  8935 | D:8      | Found an opulent altar of Gozag.
  9323 | D:8      | Reached skill level 12 in Axes
  9476 | D:9      | Reached ** piety under Hepliaklqana
  9477 | D:9      | Remembered your ancestor Chakide as a battlemage
  9504 | D:9      | Noticed a manticore
  9516 | D:9      | Killed a manticore
  9703 | D:9      | Reached XP level 11. HP: 90/91 MP: 10/10
  9719 | D:9      | Learned a level 2 spell: Wereblood
  9783 | D:9      | Noticed a red ugly thing
  9792 | D:9      | Killed a red ugly thing
  9922 | D:9      | Noticed a deep elf pyromancer
  9927 | D:9      | Killed a deep elf pyromancer
  9933 | D:9      | Reached skill level 5 in Throwing
  9972 | D:9      | Noticed a centaur warrior
  9989 | D:9      | Killed from afar by an efreet

Illustrated notes

Levels and vault maps discovered:
D:1:      lemuel_arrival_room, layout_loops_ring, nicolae_eternal_life
D:2:      layout_basic
D:3:      layout_loops_cross, grunt_temple_overflow_open, serial_shops,
          nicolae_shop_trees, shop, nicolae_shop_waterfront,
          nicolae_underground_beach, uniq_robin
D:4:      layout_loops_corners, led_sif_pool, lemuel_mausoleum_altar_yredelemnul
D:5:      layout_loops_corners, mainiacjoe_overflow_24_doors, slow_altar_1,
          nicolae_hepliaklqana_monster_ancestors,
          chequers_serial_rivers_micro_d, minmay_lizard_king
D:6:      layout_basic, minmay_temple_entry_mist, uniq_eustachio, uniq_pikel
D:7:      layout_loops_ring, grunt_qazlal_clouds, ebering_ghost_rock_garden,
          enter_bailey_4, serial_park_tiny_1, uniq_joseph
D:8:      layout_rooms, mainiacjoe_overflow_concentric_impassable,
          nemelex_xobeh_ov_fountains_minmay, chequers_serial_rivers_large_b,
          kennysheep_small_circle
D:9:      layout_long_grid, evilmike_ruin_ashenzari, hiddenorc1_lemuel,
          minmay_fractal_squares_gapless_7

Skill      XL: |  1  2  3  4  5  6  7  8  9 10 11 |
---------------+----------------------------------+-----
Fighting       | 4 5 6 7 8 10 11 | 11.4
Axes           | 3 4 6 8 9 11 12 | 12.5
Armour         | 4 5 6 8 9 |  9.0
Shields        | 4 |  4.6
Dodging        | 1 2 3 4 |  4.1
Stealth        | 1 2 |  2.6
Throwing       | 1 4 5 |  5.1
Evocations     | 3 4 |  4.1
Unarmed Combat | |  0.7

Action                   |  1- 3 |  4- 6 |  7- 9 | 10-12 || total
-------------------------+-------+-------+-------+-------++-------
Melee: War axe           |    41 |       |       |       ||    41
       Headbutt          |     6 |    11 |    42 |    33 ||    92
       Hand axe          |    18 |    82 |   203 |   139 ||   442
       Unarmed           |       |    13 |       |       ||    13
Throw: Boomerang         |       |       |    12 |    28 ||    40
       Javelin           |       |       |     1 |     2 ||     3
Invok: Ancestor Life: Ba |       |       |       |     1 ||     1
Evoke: Wand              |       |       |       |     1 ||     1
  Use: Potion            |       |     1 |     2 |     8 ||    11
       Scroll            |       |       |    12 |     1 ||    13
 Stab: Distracted        |       |       |       |     1 ||     1
Armor: Scale mail        |    25 |    16 |    71 |    51 ||   163
       Skin              |       |     1 |       |     4 ||     5
Dodge: Dodged            |    21 |    47 |    86 |    51 ||   205
Block: Buckler           |     8 |       |       |       ||     8
       Orb               |       |       |       |    21 ||    21
